 Dungeon Crawl Stone Soup version 0.31.0-32-g396128a36d (webtiles) character file.

Game seed: 10905836615240647970

329 hawla the Carver (level 6, -1/50 HPs)
             Began as a Minotaur Gladiator on Apr 12, 2024.
             Slain by a gnoll
             ... wielding a +0 whip
              (3 damage)
             ... on level 3 of the Dungeon.
             The game lasted 00:04:20 (2588 turns).

hawla the Carver (Minotaur Gladiator)               Turns: 2588, Time: 00:04:21

Health: -1/50      AC:  8    Str: 24    XL:     6   Next: 25%
Magic:  5/5        EV:  9    Int:  5    God:
Gold:   174        SH:  0    Dex: 14    Spells: 5/5 levels left

rFire   . . .        r - +0 dagger (venom)
rCold   . . .        (no shield)
rNeg    . . .        s - +0 chain mail
rPois   +            c - +0 hat
rElec   .            (no cloak)
rCorr   .            (no gloves)
SInv    .            (no boots)
Will    .....        b - amulet of magic regeneration Stlth
                     h - +6 ring of strength
HPRegen 0.28/turn    p - ring of poison resistance
MPRegen 0.49/turn

%: no passive effects
@: hasted, invisible, very quick
A: horns 2, retaliatory headbutt
a: no special abilities


You were on level 3 of the Dungeon.
You visited 1 branch of the dungeon, and saw 4 of its levels.

You collected 174 gold pieces.

Inventory:

Hand Weapons
 a - a +0 long sword
 r - a +0 dagger of venom (weapon)
Missiles
 d - 3 throwing nets (quivered)
 e - 7 javelins
 g - 2 poisoned darts
 o - a boomerang
Armour
 c - a +0 hat (worn)
 s - a +0 chain mail (worn)
Jewellery
 b - an amulet of magic regeneration (around neck)
 h - a +6 ring of strength (left hand)
 p - a ring of poison resistance (right hand)
Wands
 f - a wand of flame (12)
Scrolls
 j - a scroll of fog {unknown}
 l - a scroll of enchant armour
 m - a scroll of immolation
 n - a scroll of acquirement {unknown}


   Skills:
 - Level 2.4 Fighting
 * Level 1.1(4.9) Short Blades
 - Level 8.4 Long Blades
 - Level 2.0 Throwing
 - Level 3.2 Dodging


You had 5 spell levels left.
You didn't know any spells.
Your spell library was empty.

Dungeon Overview and Level Annotations

Branches:
Dungeon (4/15)
 Temple: D:4-7

Altars:


Innate Abilities, Weirdness & Mutations

You have a pair of horns on your head.
You reflexively headbutt those who attack you in melee.


Message History

The gnoll hits you but does no damage. The gnoll barely misses you.
You furiously retaliate!
You headbutt the gnoll.
You rip the net and break free!
The gnoll hits you from afar with a +0 halberd.
The gnoll hits you but does no damage. The gnoll closely misses you.
You hit the gnoll but do no damage.
The gnoll is poisoned.
You headbutt the gnoll.
The gnoll is moderately wounded.
The gnoll hits you from afar with a +0 halberd.
* * * LOW HITPOINT WARNING * * *
The gnoll hits you but does no damage.
The gnoll hits you from afar with a +0 spear.
* * * LOW HITPOINT WARNING * * *
The gnoll hits you but does no damage. The gnoll barely misses you.
The gnoll hits you but does no damage. The gnoll closely misses you.
You climb upwards.
There is a stone staircase leading down here.
You hit the gnoll.
The gnoll looks as sick as possible!
Your headbutt misses the gnoll.
The gnoll is severely wounded.
The gnoll hits you with a +0 whip.
* * * LOW HITPOINT WARNING * * *
The gnoll hits you with a +0 halberd.
* * * LOW HITPOINT WARNING * * *
It was a potion of cancellation.
You feel magically purged.
You kill the gnoll!
The gnoll closely misses you.
Your base Short Blades skill increases to level 1!
You hit the gnoll but do no damage.
The gnoll is poisoned.
You barely miss the gnoll. Your headbutt misses the gnoll.
The gnoll is moderately wounded.
The gnoll hits you with a +0 whip!
* * * LOW HITPOINT WARNING * * *
Unknown command.
It was a potion of invisibility.
You fade into invisibility!
The gnoll hits you but does no damage.
It was a potion of haste.
You feel yourself speed up. The gnoll hits you with a +0 whip.
You die...

.....[....#....#############.##.#
.########.#..#................#†#
.# #.#..#..###############.. .#
#.#..........#.........## ##
#.#####.####.#.#######.#.
#########.#.....# #.#.##.# #.#.
..........#'########.#.##.# #<#.
...................#.#....####.#.
................@g.#.######.<..#.
#########........).#......#.####.
#..........######.#.# #.
#...............#.#.# #.
#...........###.#.#.#####
#...........#)..#.#.....#
#...........#.###.#####>#
##################.......# #..
#.....(.....# ###.##### ###


You could see a gnoll (unable to see you, very poisoned).

Vanquished Creatures
  Grinder (D:3)
  Robin (D:3)
  A gnoll (D:3)
  2 adders (D:2)
  3 dart slugs
  3 ribbon worms
  8 orcs
  9 ball pythons
  3 bats
  2 endoplasms
  2 giant cockroaches
  17 goblins
  7 hobgoblins
  2 jackals (D:3)
  2 quokkas
  A frilled lizard (D:1)
  2 kobolds
  4 rats
70 creatures vanquished.

Notes
Turn   | Place    | Note
-------+----------+-------------------------------------------
     0 | D:1      | hawla the Minotaur Gladiator began the quest for the Orb.
     0 | D:1      | Reached XP level 1. HP: 18/18 MP: 0/0
    39 | D:1      | Reached skill level 4 in Long Blades
    65 | D:1      | Found a faded altar of an unknown god.
   101 | D:1      | Reached XP level 2. HP: 25/25 MP: 1/1
   610 | D:2      | Reached skill level 5 in Long Blades
   650 | D:2      | Reached XP level 3. HP: 17/30 MP: 2/2
  1485 | D:3      | Noticed Robin
  1490 | D:3      | Noticed Grinder
  1493 | D:3      | Killed Robin
  1494 | D:3      | Reached skill level 6 in Long Blades
  1494 | D:3      | Reached XP level 4. HP: 37/37 MP: 3/3
  1517 | D:3      | Paralysed by Grinder for 5 turns
  1520 | D:3      | HP: 1/37 [Grinder (6)]
  1527 | D:3      | Killed Grinder
  1528 | D:3      | Reached skill level 8 in Long Blades
  1528 | D:3      | Reached XP level 5. HP: 29/42 MP: 4/4
  1528 | D:3      | Reached XP level 6. HP: 35/50 MP: 5/5
  2585 | D:3      | Reached skill level 1 in Short Blades
  2586 | D:3      | HP: 1/50 [gnoll/+0 whip (8)]
  2588 | D:3      | Slain by a gnoll

Illustrated notes

Levels and vault maps discovered:
D:1:      lightli_arrival_chessboard, layout_rooms, basic_ecumenical_altar,
          hangedman_feature_mirror
D:2:      layout_loops_ring, bh_walls_and_bars
D:3:      layout_basic, uniq_grinder, uniq_robin
D:4:      layout_cave_pools, guppyfry_early_orc_mine

Skill      XL: |  1  2  3  4  5  6 |
---------------+-------------------+-----
Long Blades    | 4 5 6 8 |  8.4
Short Blades   | 1 |  1.1
Fighting       | |  2.4
Throwing       | |  2.0
Dodging        | |  3.2

Action                     |  1- 3 |  4- 6 || total
---------------------------+-------+-------++-------
  Melee: Long sword        |    72 |    57 ||   129
         Headbutt          |    11 |    22 ||    33
         Dagger            |       |    27 ||    27
  Throw: Throwing net      |       |     2 ||     2
    Use: Scroll            |     4 |       ||     4
         Potion            |       |     6 ||     6
 Armour: Leather armour    |    14 |       ||    14
         Ring mail         |    19 |    51 ||    70
         Chain mail        |       |    44 ||    44
  Dodge: Dodged            |    43 |    59 ||   102
